TOP OF THE 1ST |
Louisville Bats batting - Pitching for Utica Unicorns : LHP Miguel Galván
|
Pitching: LHP Miguel Galván
|
|
Batting: RHB Shawn Marshall
|
0-0: Ball 1-0: Ball 2-0: Ball 3-0: Called Strike 3-1: Foul Ball, location: 2F 3-2: Fly out, F7 (Flyball, 7LM)
|
Batting: SHB Dave Henley
|
0-0: SINGLE (Line Drive, 9LM)
|
Batting: SHB Martín Medina
|
0-0: Ball 1-0: Ball 2-0: Called Strike 2-1: Called Strike Dave Henley steals 2nd base 2-2: Strikes out swinging
|
Batting: RHB Zhong Shui
|
0-0: Swinging Strike 0-1: Fly out, F4 (Popup, 4)
|
Top of the 1st over - 0 runs, 1 hit, 0 errors, 1 left on base; Louisville 0 - Utica 0 |
BOTTOM OF THE 1ST |
Utica Unicorns batting - Pitching for Louisville Bats : LHP Matt Parker
|
Pitching: LHP Matt Parker
|
|
Batting: RHB António Magana
|
0-0: Called Strike 0-1: Ball 1-1: SINGLE (Groundball, 56D)
|
Batting: LHB Stan Hickman
|
0-0: Called Strike 0-1: Ball 1-1: Ball 2-1: Swinging Strike 2-2: Ball 3-2: TRIPLE (Flyball, 89XD) António Magana scores
|
Batting: RHB Kenny Cole
|
0-0: Foul Ball, location: 2F 0-1: Ground out 4-3 (Groundball, 4MS) Stan Hickman scores
|
Batting: RHB Marcos Castillo
|
0-0: Foul Ball, location: 2F 0-1: Ground out 1-3 (Groundball, 13)
|
Batting: RHB Juan Caceres
|
0-0: Ball 1-0: Ball 2-0: SINGLE (Groundball, 6MD)
|
Batting: RHB Morgan Gibbon
|
0-0: Swinging Strike 0-1: Ball 1-1: Fly out, F5 (Popup, 56)
|
Bottom of the 1st over - 2 runs, 3 hits, 0 errors, 1 left on base; Louisville 0 - Utica 2 |
TOP OF THE 2ND |
Louisville Bats batting - Pitching for Utica Unicorns : LHP Miguel Galván
|
Batting: RHB Juan García
|
0-0: Ball 1-0: Fly out, F7 (Flyball, 78D)
|
Batting: LHB Richard Olvera
|
0-0: Ball 1-0: Swinging Strike 1-1: Ball 2-1: Foul Ball, location: 2F 2-2: Strikes out looking
|
Batting: RHB Danny Campbell
|
0-0: Ball 1-0: Swinging Strike 1-1: Foul Ball, location: 2F 1-2: Reached on error, E2 (Groundball, 2L)
|
Batting: LHB Eduardo Gómez
|
0-0: Foul Ball, location: 2F 0-1: Foul Ball, location: 2F 0-2: Ball 1-2: Ball 2-2: Strikes out swinging
|
Top of the 2nd over - 0 runs, 0 hits, 1 error, 1 left on base; Louisville 0 - Utica 2 |
BOTTOM OF THE 2ND |
Utica Unicorns batting - Pitching for Louisville Bats : LHP Matt Parker
|
Batting: RHB Pablo Díaz
|
0-0: Fly out, F4 (Line Drive, 4)
|
Batting: RHB Justin Geoghegan
|
0-0: Foul Ball, location: 2F 0-1: Ball 1-1: Ball 2-1: Called Strike 2-2: DOUBLE (Flyball, 8RD)
|
Batting: SHB Ralph Robison
|
0-0: Ball 1-0: Ball 2-0: Called Strike 2-1: Swinging Strike 2-2: Foul Ball, location: 2F 2-2: Ground out U3 (Groundball, 34) Justin Geoghegan to third
|
Batting: RHB António Magana
|
0-0: Fly out, F8 (Flyball, 8LXD)
|
Bottom of the 2nd over - 0 runs, 1 hit, 0 errors, 1 left on base; Louisville 0 - Utica 2 |
TOP OF THE 3RD |
Louisville Bats batting - Pitching for Utica Unicorns : LHP Miguel Galván
|
Batting: LHB John Horton
|
0-0: Called Strike 0-1: Ball 1-1: Ground out 4-3 (Groundball, 4)
|
Batting: RHB Shawn Marshall
|
0-0: Ball 1-0: Foul Ball, location: 2F 1-1: Swinging Strike 1-2: Ball 2-2: Strikes out swinging
|
Batting: SHB Dave Henley
|
0-0: Ball 1-0: Foul Ball, location: 2F 1-1: Foul Ball, location: 2F 1-2: Ball 2-2: Ball 3-2: Strikes out swinging
|
Top of the 3rd over - 0 runs, 0 hits, 0 errors, 0 left on base; Louisville 0 - Utica 2 |
BOTTOM OF THE 3RD |
Utica Unicorns batting - Pitching for Louisville Bats : LHP Matt Parker
|
Batting: LHB Stan Hickman
|
0-0: Ball 1-0: Called Strike 1-1: Ball 2-1: Called Strike 2-2: Ball 3-2: Foul Ball, location: 2F 3-2: SINGLE (Line Drive, 89M)
|
Batting: RHB Kenny Cole
|
0-0: Called Strike 0-1: Foul Ball, location: 2F 0-2: Ball 1-2: Fly out, F8 (Flyball, 8RD)
|
Batting: RHB Marcos Castillo
|
0-0: Fly out, F7 (Flyball, 78M)
|
Batting: RHB Juan Caceres
|
0-0: Called Strike 0-1: Ball 1-1: Ball 2-1: Ball 3-1: SINGLE (Line Drive, 89S) Stan Hickman to second
|
Batting: RHB Morgan Gibbon
|
0-0: Ball 1-0: Fly out, F9 (Flyball, 9S)
|
Bottom of the 3rd over - 0 runs, 2 hits, 0 errors, 2 left on base; Louisville 0 - Utica 2 |
TOP OF THE 4TH |
Louisville Bats batting - Pitching for Utica Unicorns : LHP Miguel Galván
|
Batting: SHB Martín Medina
|
0-0: Called Strike 0-1: Ball 1-1: Fly out, F3 (Popup, 3SF)
|
Batting: RHB Zhong Shui
|
0-0: Ball 1-0: Called Strike 1-1: Foul Ball, location: 2F 1-2: Strikes out looking
|
Batting: RHB Juan García
|
0-0: Ball 1-0: Foul Ball, location: 2F 1-1: Ball 2-1: Ball 3-1: Base on Balls
|
Batting: LHB Richard Olvera
|
0-0: Foul Ball, location: 2F 0-1: Ball 1-1: Swinging Strike 1-2: Foul Ball, location: 2F 1-2: Strikes out swinging
|
Top of the 4th over - 0 runs, 0 hits, 0 errors, 1 left on base; Louisville 0 - Utica 2 |
BOTTOM OF THE 4TH |
Utica Unicorns batting - Pitching for Louisville Bats : LHP Matt Parker
|
Batting: RHB Pablo Díaz
|
0-0: Swinging Strike 0-1: Ball 1-1: Ball 2-1: SINGLE (Groundball, 6D)
|
Batting: RHB Justin Geoghegan
|
0-0: Ball 1-0: Foul Ball, location: 2F 1-1: Swinging Strike 1-2: Ball 2-2: Ball 3-2: Foul Ball, location: 2F 3-2: DOUBLE (Line Drive, 8RD) Pablo Díaz to third
|
Batting: SHB Ralph Robison
|
0-0: Fly out, F8 (Flyball, 8RD) Runner from 3rd tags up, SCORES, throw made
|
Batting: RHB António Magana
|
0-0: Ball 1-0: Foul Ball, location: 2F 1-1: Swinging Strike 1-2: Strikes out looking
|
Batting: LHB Stan Hickman
|
0-0: Foul Ball, location: 2F 0-1: Ball 1-1: Called Strike 1-2: Foul Ball, location: 2F 1-2: Foul Ball, location: 2F 1-2: Foul Ball, location: 2F 1-2: SINGLE (Line Drive, 78S) Justin Geoghegan to third Runner from 3rd tries for Home, SAFE, throw made home
|
Batting: RHB Kenny Cole
|
0-0: Called Strike 0-1: Swinging Strike 0-2: Ball 1-2: Strikes out looking
|
Bottom of the 4th over - 2 runs, 3 hits, 0 errors, 1 left on base; Louisville 0 - Utica 4 |
TOP OF THE 5TH |
Louisville Bats batting - Pitching for Utica Unicorns : LHP Miguel Galván
|
Batting: RHB Danny Campbell
|
0-0: Called Strike 0-1: Ball 1-1: Ground out 4-3 (Groundball, 4)
|
Batting: LHB Eduardo Gómez
|
0-0: Ball 1-0: Called Strike 1-1: Ball 2-1: Fly out, F7 (Flyball, 7D)
|
Batting: LHB John Horton
|
0-0: Foul Ball, location: 2F 0-1: Swinging Strike 0-2: Ball 1-2: Ball 2-2: Strikes out swinging
|
Top of the 5th over - 0 runs, 0 hits, 0 errors, 0 left on base; Louisville 0 - Utica 4 |
BOTTOM OF THE 5TH |
Utica Unicorns batting - Pitching for Louisville Bats : LHP Matt Parker
|
Batting: RHB Marcos Castillo
|
0-0: Called Strike 0-1: Ball 1-1: Foul Ball, location: 2F 1-2: Fly out, F7 (Flyball, 78D)
|
Batting: RHB Juan Caceres
|
0-0: Called Strike 0-1: Ball 1-1: Foul Ball, location: 2F 1-2: Ball 2-2: SINGLE (Groundball, 56S) (infield hit)
|
Batting: RHB Morgan Gibbon
|
0-0: Ball Pickoff Throw to First - Out! 1-0: Foul Ball, location: 2F 1-1: SINGLE (Groundball, 6MD)
|
Batting: RHB Pablo Díaz
|
0-0: Swinging Strike 0-1: Ball 1-1: Ball 2-1: Swinging Strike 2-2: Ball 3-2: Foul Ball, location: 2F 3-2: Base on Balls Morgan Gibbon to second
|
Batting: RHB Justin Geoghegan
|
0-0: Called Strike 0-1: Swinging Strike 0-2: Strikes out swinging
|
Bottom of the 5th over - 0 runs, 2 hits, 0 errors, 2 left on base; Louisville 0 - Utica 4 |
TOP OF THE 6TH |
Louisville Bats batting - Pitching for Utica Unicorns : LHP Miguel Galván
|
Batting: RHB Shawn Marshall
|
0-0: Foul Ball, location: 2F 0-1: SINGLE (Groundball, 56D)
|
Batting: SHB Dave Henley
|
0-0: Called Strike 0-1: Ball 1-1: Ball 2-1: 2-RUN HOME RUN (Flyball, 7D), Distance : 401 ft
|
Batting: SHB Martín Medina
|
0-0: Ball 1-0: Called Strike 1-1: Called Strike 1-2: Ball 2-2: Strikes out looking
|
Batting: RHB Zhong Shui
|
0-0: Called Strike 0-1: SINGLE (Groundball, 56D)
|
Batting: RHB Juan García
|
0-0: Called Strike 0-1: Ball 1-1: Ground out 6-3 (Groundball, 6MD) Zhong Shui to second
|
Batting: LHB Richard Olvera
|
0-0: Ball 1-0: Foul Ball, location: 2F 1-1: Foul Ball, location: 2F 1-2: 2-RUN HOME RUN (Flyball, 9D), Distance : 378 ft
|
Batting: RHB Danny Campbell
|
0-0: Called Strike 0-1: Fly out, F3 (Popup, 3S)
|
Top of the 6th over - 4 runs, 4 hits, 0 errors, 0 left on base; Louisville 4 - Utica 4 |
BOTTOM OF THE 6TH |
Utica Unicorns batting - Pitching for Louisville Bats : LHP Matt Parker
|
Pitching: RHP Jesús Sánchez
|
|
Batting: SHB Ralph Robison
|
0-0: Foul Ball, location: 2F 0-1: Swinging Strike 0-2: Ball 1-2: Ball 2-2: Strikes out swinging
|
Batting: RHB António Magana
|
0-0: Called Strike 0-1: DOUBLE (Line Drive, 9D)
|
Batting: LHB Stan Hickman
|
0-0: Fly out, F7 (Flyball, 78S)
|
Batting: RHB Kenny Cole
|
0-0: Ball 1-0: Foul Ball, location: 2F 1-1: Foul Ball, location: 2F 1-2: Strikes out looking
|
Bottom of the 6th over - 0 runs, 1 hit, 0 errors, 1 left on base; Louisville 4 - Utica 4 |
TOP OF THE 7TH |
Louisville Bats batting - Pitching for Utica Unicorns : LHP Miguel Galván
|
Pitching: LHP Pancho Guerrero
|
|
Batting: LHB Eduardo Gómez
|
0-0: Called Strike 0-1: Foul Ball, location: 2F 0-2: Fly out, F8 (Flyball, 8RXD)
|
Batting: LHB John Horton
|
0-0: Ball 1-0: Swinging Strike 1-1: Foul Ball, location: 2F 1-2: Strikes out swinging
|
Batting: RHB Shawn Marshall
|
0-0: Called Strike 0-1: Foul Ball, location: 2F 0-2: Strikes out swinging
|
Top of the 7th over - 0 runs, 0 hits, 0 errors, 0 left on base; Louisville 4 - Utica 4 |
BOTTOM OF THE 7TH |
Utica Unicorns batting - Pitching for Louisville Bats : RHP Jesús Sánchez
|
Pinch Hitting: LHB Pablo Reyes
|
0-0: Ball 1-0: Called Strike 1-1: Ball 2-1: Foul Ball, location: 2F 2-2: Ground out 6-3 (Groundball, 6MS)
|
Batting: RHB Juan Caceres
|
0-0: Reached on error, E4 (Groundball, 4S)
|
Pinch Hitting: LHB Mitchell Oglethorpe
|
0-0: Ball 1-0: Ball 2-0: Called Strike 2-1: Swinging Strike 2-2: Strikes out swinging
|
Batting: RHB Pablo Díaz
|
0-0: Ball 1-0: Ball 2-0: SINGLE (Groundball, 6MD) Juan Caceres to second Runner from 2nd tries for 3rd, SAFE, no throw
|
Batting: RHB Justin Geoghegan
|
0-0: Ball 1-0: Foul Ball, location: 2F 1-1: Ball 2-1: Ground out 4-3 (Groundball, 4)
|
Bottom of the 7th over - 0 runs, 1 hit, 1 error, 2 left on base; Louisville 4 - Utica 4 |
TOP OF THE 8TH |
Louisville Bats batting - Pitching for Utica Unicorns : LHP Pancho Guerrero
|
Now at 2B: John Jones
|
|
Now in LF: Pablo Reyes
|
|
Batting: SHB Dave Henley
|
0-0: Ball 1-0: Fly out, F9 (Flyball, 9)
|
Batting: SHB Martín Medina
|
0-0: Foul Ball, location: 2F 0-1: Ground out 3-1 (Groundball, 34)
|
Batting: RHB Zhong Shui
|
0-0: Ball 1-0: Swinging Strike 1-1: SOLO HOME RUN (Flyball, 7LD), Distance : 359 ft
|
Batting: RHB Juan García
|
0-0: Called Strike 0-1: Called Strike 0-2: Ball 1-2: Ball 2-2: SINGLE (Groundball, 34S) (infield hit)
|
Pinch Hitting: RHB Billy Mullins
|
0-0: Called Strike 0-1: SINGLE (Line Drive, 7S) Juan García to second
|
Batting: RHB Danny Campbell
|
0-0: Foul Ball, location: 2F 0-1: Called Strike 0-2: SINGLE (Flyball, 78S) Juan García to third Billy Mullins to second
|
Batting: LHB Eduardo Gómez
|
0-0: Called Strike 0-1: Ball 1-1: Ball 2-1: Ball 3-1: Called Strike 3-2: Strikes out swinging
|
Top of the 8th over - 1 run, 4 hits, 0 errors, 3 left on base; Louisville 5 - Utica 4 |
BOTTOM OF THE 8TH |
Utica Unicorns batting - Pitching for Louisville Bats : RHP Jesús Sánchez
|
Now in LF: Jesús Núñez
|
|
Now in RF: Héctor Rentería
|
|
Batting: SHB Ralph Robison
|
0-0: Swinging Strike 0-1: Called Strike 0-2: Strikes out looking
|
Batting: RHB António Magana
|
0-0: Called Strike 0-1: Foul Ball, location: 2F 0-2: Fly out, F9 (Flyball, 89M)
|
Pitching: LHP Juan Espinosa
|
|
Batting: LHB Stan Hickman
|
0-0: Called Strike 0-1: Foul Ball, location: 2F 0-2: Ball 1-2: Foul Ball, location: 2F 1-2: Ball 2-2: Ball 3-2: Foul Ball, location: 2F 3-2: Fly out, F7 (Line Drive, 7)
|
Bottom of the 8th over - 0 runs, 0 hits, 0 errors, 0 left on base; Louisville 5 - Utica 4 |
TOP OF THE 9TH |
Louisville Bats batting - Pitching for Utica Unicorns : LHP Pancho Guerrero
|
Pitching: RHP Tim Hill
|
|
Batting: LHB John Horton
|
0-0: Ball 1-0: Ball 2-0: Called Strike 2-1: Foul Ball, location: 2F 2-2: Strikes out swinging
|
Batting: RHB Shawn Marshall
|
0-0: Swinging Strike 0-1: Called Strike 0-2: Foul Ball, location: 2F 0-2: Ball 1-2: Ball 2-2: Ball 3-2: Strikes out swinging
|
Batting: SHB Dave Henley
|
0-0: Reached on error, E1 (Groundball, P)
|
Batting: SHB Martín Medina
|
0-0: Ball 1-0: Ball 2-0: Ball 3-0: Called Strike 3-1: 2-RUN HOME RUN (Flyball, 9D), Distance : 361 ft
|
Batting: RHB Zhong Shui
|
0-0: Foul Ball, location: 2F 0-1: SOLO HOME RUN (Flyball, 7D) (Inside the Park)
|
Pitching: RHP Robert Martin
|
|
Batting: RHB Juan García
|
0-0: Called Strike 0-1: Ball 1-1: Ball 2-1: Called Strike 2-2: Foul Ball, location: 2F 2-2: Fly out, F7 (Flyball, 7S)
|
Top of the 9th over - 3 runs, 2 hits, 1 error, 0 left on base; Louisville 8 - Utica 4 |
BOTTOM OF THE 9TH |
Utica Unicorns batting - Pitching for Louisville Bats : LHP Juan Espinosa
|
Pitching: RHP Larry Jenkins
|
|
Batting: RHB Kenny Cole
|
0-0: Called Strike 0-1: Fly out, F9 (Flyball, 9D)
|
Batting: LHB Pablo Reyes
|
0-0: SINGLE (Line Drive, 34)
|
Batting: RHB Juan Caceres
|
0-0: Called Strike 0-1: Foul Ball, location: 2F 0-2: Fly out, F6 (Popup, 6MD)
|
Batting: RHB John Jones
|
0-0: Ball 1-0: Swinging Strike 1-1: Called Strike 1-2: Strikes out swinging
|
Bottom of the 9th over - 0 runs, 1 hit, 0 errors, 1 left on base; Louisville 8 - Utica 4 |
|